 Dungeon Crawl Stone Soup version 0.32-a0-673-g3729bd50f8 (webtiles) character file.

Game seed: 25229740579395225

36 910rd the Changeling (level 3, -1/28 HPs)
             Began as a Draconian Shapeshifter on Mar 10, 2024.
             Succumbed to a kobold's poison
             ... on level 2 of the Dungeon.
             The game lasted 00:04:09 (1103 turns).

910rd the Changeling (Draconian Shapeshifter)       Turns: 1103, Time: 00:04:10

Health: -1/28      AC:  5    Str: 18    XL:     3   Next: 19%
Magic:  3/3        EV: 12    Int: 10    God:
Gold:   79         SH:  0    Dex: 10    Spells: 2/2 levels left

rFire   . .          .
                       - Unarmed
rCold   . . .        (no shield)
rNeg    . . .        (body armour unavailable)
rPois   .            (helmet currently unavailable)
rElec   .            (cloak currently unavailable)
rCorr   .            (gloves currently unavailable)
SInv    .            (boots currently unavailable)
Will    .....        i - amulet of magic regeneration
Stlth   +            (no ring)
HPRegen 0.24/turn    (no ring)
MPRegen 0.48/turn

%: no passive effects
@: lethally poisoned (-1 -> -12), beast-form, hasted, very quick
A: beast (slay +2), AC +5, unfitting armour, cold-blooded
a: Begin Untransformation


You were on level 2 of the Dungeon.
You were a hulking beast.
You visited 1 branch of the dungeon, and saw 2 of its levels.

You collected 115 gold pieces.
You spent 36 gold pieces at shops.

Inventory:

Missiles
 d - 2 throwing nets (quivered)
Jewellery
 i - an amulet of magic regeneration (around neck)
Talismans
 b - a beast talisman (active)
 c - a flux talisman
Scrolls
 a - a scroll of revelation
 e - a scroll of enchant weapon {unknown}


   Skills:
 - Level 1.1 Fighting
 - Level 1.7 Dodging
 - Level 3.0 Unarmed Combat
 + Level 4.1 Shapeshifting


You had 2 spell levels left.
You didn't know any spells.
Your spell library was empty.

Dungeon Overview and Level Annotations

Branches:
Dungeon (2/15) Zot: 10900

Altars:

Shops:
D:2 [??(


Innate Abilities, Weirdness & Mutations

You are a hulking beast.
Your limbs bulge with bestial killing power. (Slay +2)
Your plain brown scales are hard. (AC +5)
You cannot fit into any form of body armour.
You are cold-blooded and may be slowed by cold attacks.


Message History

The kobold hits you with a +1 dagger of venom.
* * * LOW HITPOINT WARNING * * *
You take 4 damage, and have 13/28 hp.
It was a potion of haste.
You feel yourself speed up.
* * * LOW HITPOINT WARNING * * *
You feel very sick. The kobold misses you.
You take 4 damage, and have 9/28 hp.
* * * LOW HITPOINT WARNING * * *
You feel sick. The kobold attacks as it pursues you!
The kobold hits you but does no damage.
You take 1 damage, and have 8/28 hp.
You aren't carrying any potions.
Unknown command.
As you read the scroll of teleportation, it crumbles to dust.
You feel strangely unstable.
* * * LOW HITPOINT WARNING * * *
You feel sick.
You take 2 damage, and have 6/28 hp.
* * * LOW HITPOINT WARNING * * *
You feel sick.
You take 1 damage, and have 5/28 hp.
* * * LOW HITPOINT WARNING * * *
You feel sick. The kobold attacks as it pursues you!
The kobold hits you but does no damage.
You are more poisoned.
You aren't carrying any potions.
Unknown command.
* * * LOW HITPOINT WARNING * * *
You feel very sick.
You take 3 damage, and have 2/28 hp.
Your surroundings suddenly seem different.
* * * LOW HITPOINT WARNING * * *
You feel sick.
You take 1 damage, and have 1/28 hp.
You aren't carrying any potions.
As you read the scroll labelled JARICV LOTAMI, it crumbles to dust.
It is a scroll of identify.
a - a scroll of revelation You die...

##.#.#.#####.# #.#
##.###.....##.#######.###
##.##
##........[........###
#.##
##.#.##.#####........
##.## ##.......#
#.###.### ##.###.###.##.#
#.# #.# ##.#..###.##.#
#.###.#
#.....##.##.#####..)..#
#.......h##.#....###.##
#.....###......#.....#
#..#.## #.###..###...#
#..#.####.# #..#...#.#
#.........###>...###.#
#.............##.. #.#
#.##...>.....#####...#
######.##.# ### #.##.#


There were no monsters in sight!

Vanquished Creatures
  A gnoll (D:1)
  2 dart slugs
  2 ball pythons (D:1)
  3 endoplasms (D:1)
  2 hobgoblins (D:1)
  2 jackals (D:1)
  3 kobolds
  2 bats
  4 frilled lizards
  2 rats (D:1)
23 creatures vanquished.

Notes
Turn   | Place    | Note
-------+----------+-------------------------------------------
     0 | D:1      | 910rd the Draconian Shapeshifter began the quest for the
                  | Orb.
     0 | D:1      | Reached XP level 1. HP: 16/16 MP: 1/1
   350 | D:1      | Reached XP level 2. HP: 18/23 MP: 2/2
   435 | D:1      | Reached skill level 4 in Shapeshifting
   605 | D:1      | Reached XP level 3. HP: 28/28 MP: 3/3
   960 | D:2      | Found Axuas's Weapon Shop.
  1067 | D:2      | Found Kanulush's Magic Scroll Emporium.
  1072 | D:2      | Found Ziwashrid's Armour Emporium.
  1076 | D:2      | Bought a scroll of teleportation for 36 gold pieces
  1083 | D:2      | Found Etuoriol's Magic Scroll Shop.
  1102 | D:2      | HP: 1/28 [poisoned by a kobold]
  1103 | D:2      | Succumbed to a kobold's poison

Illustrated notes

Levels and vault maps discovered:
D:1:      scummos_arrival_star, layout_loops_corners, minivault_14,
          hangedman_feature_mirror
D:2:      layout_loops_ring, shapermc_ecumenical_altar_acropolis, serial_shops,
          nicolae_shop_temple_entry_statues_fountains, shop, shop, shop,
          minmay_pentomino_t2

Skill      XL: |  1  2 |
---------------+-------+-----
Shapeshifting  | 4 |  4.1
Fighting       | |  1.1
Dodging        | |  1.7
Unarmed Combat | |  3.0

Action                     || total
---------------------------++-------
  Melee: Unarmed           ||    73
         Tailslap          ||     8
         Punch             ||     1
    Use: Potion            ||     3
         Scroll            ||     2
   Stab: Sleeping          ||     2
 Armour: Skin              ||    38
  Dodge: Dodged            ||    30

Table legend: (Time is in decaauts)
 A = Elapsed time spent in this place.
 B = Non-inter-level travel time spent in this place.
 C = Inter-level travel time spent in this place.
 D = Time resting spent in this place.
 E = Time spent auto-exploring this place.
 F = Levels seen in this place.
 G = Mean time per level.
                   A        B        C        D        E       F      G
               +--------+--------+--------+--------+--------+-----+--------+
         Total |   1099 |   1057 |     42 |     12 |    851 |   2 |  549.5 |
       Dungeon |   1099 |   1057 |     42 |     12 |    851 |   2 |  549.5 |
               +--------+--------+--------+--------+--------+-----+--------+

Top non-repeatable levels by time:
     D:1: 896 daAuts
     D:2: 203 daAuts
